cohdb
Replays
Latest Replays
All Replays
Popular Replays
Top Player Replays
Match Explorer
How It Works
Community
CoH3 Stats
Reddit
Sign in to upload your games and track your stats! →
Sign in with Steam
Match 41620022
Unlisted
Match 41620022
Overview
Messages
Build Orders
End
Engineer Squad
Construct Barracks
Riflemen Squad
Riflemen Squad
Construct Weapon Support Center
.30 cal Machine Gun
Grenade Package
Bazooka Squad
Construct Medical Station
Mechanized Support Center
M1 Mortar Team
M1918 Browning Automatic Rifles
Bazooka Squad
Construct Motor Pool
M8 Greyhound Armored Car
M24 Chaffee Light Tank
Selects Heavy Weapons
Selects M2HB .50cal Heavy Machine Gun
Selects Assault Carriers
Selects Halftrack Strongpoints
Riflemen Squad
Engineer Squad
Construct Tank Depot
M1 Anti-tank Gun Team
Selects M26 Pershing Heavy Tank
Selects M2HB .50cal Heavy Machine Gun
Selects Gallant Stand
AI Takeover
Zapp Brannigan
SneaKerz
gb_gbg
sirlobin
Ol'Smokey
Fratley
skyhawkfranky
StoryCoffee
0
0
Comments
sign in to comment!
No comments posted yet!